 Dungeon Crawl Stone Soup version 0.28.0-62-gf88900778d (webtiles) character file.

Game seed: 1354596898106916871

214 cbfl8 the Chopper (level 5, 0/42 HPs)
             Began as a Minotaur Chaos Knight on June 25, 2023.
             Was a Plaything of Xom.
             Slain by a kobold
             ... wielding a +2 whip of electrocution
              (15 damage)
             ... on level 4 of the Dungeon.
             The game lasted 00:03:52 (3369 turns).

cbfl8 the Chopper (Minotaur Chaos Knight)           Turns: 3369, Time: 00:03:53

Health: 0/42       AC:  7    Str: 16    XL:     5   Next: 60%
Magic:  4/4        EV: 11    Int:  9    God:    Xom [.*....]
Gold:   59         SH:  0    Dex: 10    Spells: 4/4 levels left

rFire   . . .      SeeInvis .   d - +0 war axe
rCold   . . .      Faith    .   (no shield)
rNeg    . . .      Spirit   .   b - +2 leather armour
rPois   .          Reflect  .   (helmet restricted)
rElec   .          Harm     .   (no cloak)
rCorr   .          Rampage  .   e - +0 pair of gloves
Will    .....                   j - +0 pair of boots
Stlth   +.........              (no amulet)
HPRegen 0.14/turn               (no ring)
MPRegen 0.09/turn               (no ring)

@: no status effects
A: horns 2, retaliatory headbutt, clumsy 1, frail 1
a: Renounce Religion


You were on level 4 of the Dungeon.
You worshipped Xom.
You were a plaything of Xom.
You visited 1 branch of the dungeon, and saw 4 of its levels.

You collected 59 gold pieces.

Inventory:

Hand Weapons
 d - a +0 war axe (weapon)
Armour
 b - a +2 leather armour (worn)
 e - a +0 pair of gloves (worn)
 j - a +0 pair of boots (worn)
Scrolls
 a - a scroll of identify
 g - a scroll of teleportation
 h - a scroll of noise
Potions
 c - a potion of haste
 f - a potion of might
 i - a potion of flight


   Skills:
 + Level 4.7 Fighting
 + Level 5.3 Axes
 + Level 3.2 Armour
 + Level 1.8 Dodging
 + Level 1.0 Stealth
 * Level 2.1 Evocations


You had 4 spell levels left.
You didn't know any spells.
Your spell library contained the following spells:

 Spells                   Type           Power      Damage    Failure   Level
 Corpse Rot               Necr/Air       0%         N/A       58%         2
 Poisonous Vapours        Pois/Air       0%         N/A       58%         2


Dungeon Overview and Level Annotations

Branches:
Dungeon (4/15)
 Temple: D:4-7

Altars:
Makhleb
Trog
Zin


Innate Abilities, Weirdness & Mutations

You have a pair of horns on your head.
You reflexively headbutt those who attack you in melee.
You are clumsy. (Dex -2)
You are frail. (-10% HP)


Message History

The kobold moves out of view.
There are monsters nearby!
The ball python hisses angrily.
You slash the iguana!
The iguana is severely wounded.
The iguana closely misses you. You furiously retaliate!
You headbutt the iguana.
There are monsters nearby!
You hit the iguana.
You kill the iguana!
Your Stealth skill increases to level 1!
The kobold hits you but does no damage.
You closely miss the kobold. Your headbutt misses the kobold.
The kobold hits you with a +2 whip of electrocution.
You closely miss the kobold.
The kobold hits you with a +2 whip of electrocution.
You are electrocuted!
The kobold hits you but does no damage.
You closely miss the kobold. Your headbutt misses the kobold.
The kobold hits you but does no damage.
You hit the kobold. Your headbutt misses the kobold.
The kobold is heavily wounded.
The kobold hits you with a +2 whip of electrocution.
You closely miss the kobold. Your headbutt misses the kobold.
The kobold is heavily wounded.
The kobold closely misses you.
You barely miss the kobold. You headbutt the kobold.
The kobold is severely wounded.
The kobold hits you with a +2 whip of electrocution.
You are too injured to fight recklessly!
You are too injured to fight recklessly!
You closely miss the kobold.
The kobold is severely wounded.
The kobold hits you with a +2 whip of electrocution.
The kobold barely misses you.
You closely miss the kobold.
The kobold is severely wounded.
The kobold hits you with a +2 whip of electrocution.
You are electrocuted!
You die... "This toy is broken."

.. ..... ... ..8. ..
#.. ... ..###.###.##
# ..#...#...## #.
...8...8..# #####
##.. #...#.†..#.....#
....###.###..@KS....+
##...#...#...##.....+
...8...8..[8.# ....+
.....#...#...# ...# .
#...###### #+#
#...### ####


You could see a ball python and a kobold.

Vanquished Creatures
  2 orc priests
  An iguana (D:4)
  4 adders (D:2)
  An ufetubus (D:2)
  A worm (D:2)
  2 dart slugs
  8 orcs
  8 ball pythons
  5 bats
  4 endoplasms
  4 giant cockroaches
  3 goblins (D:1)
  11 hobgoblins
  5 quokkas
  A frilled lizard (D:2)
  6 kobolds
  8 rats
74 creatures vanquished.

Notes
Turn   | Place    | Note
-------+----------+-------------------------------------------
     0 | D:1      | cbfl8 the Minotaur Chaos Knight began the quest for the
                  | Orb.
     0 | D:1      | Reached XP level 1. HP: 19/19 MP: 0/0
    55 | D:1      | XOM: divination: magic mapping
   181 | D:1      | Reached XP level 2. HP: 27/27 MP: 1/1
   238 | D:1      | Found a faded altar of an unknown god.
   246 | D:1      | Reached skill level 1 in Evocations
   388 | D:1      | XOM: 3-stop teleportation journey
   401 | D:1      | Reached skill level 4 in Axes
   594 | D:1      | XOM is BORED!
   594 | D:1      | XOM: enchant monster (bad)
   596 | D:1      | Reached XP level 3. HP: 30/33 MP: 2/2
   962 | D:1      | XOM is BORED!
  1260 | D:2      | XOM: fog
  1605 | D:2      | Reached XP level 4. HP: 41/41 MP: 3/3
  2196 | D:3      | XOM: smoke on damage
  2334 | D:3      | Reached skill level 5 in Axes
  2334 | D:3      | Reached XP level 5. HP: 10/47 MP: 4/4
  2668 | D:3      | Found a bloodstained altar of Trog.
  2671 | D:3      | XOM: 6-stop teleportation journey
  2918 | D:3      | Found a burning altar of Makhleb.
  2920 | D:3      | Found a glowing silver altar of Zin.
  2920 | D:3      | Noticed an angel
  2921 | D:3      | Noticed a cacodemon
  2980 | D:3      | XOM: 5-stop teleportation journey
  3228 | D:3      | XOM: give mutations
  3228 | D:3      | Gained mutation: You are clumsy. (Dex -2) [Xom's mischief]
  3228 | D:3      | Gained mutation: You are frail. (-10% HP) [Xom's mischief]
  3351 | D:4      | XOM: 1-stop teleportation journey
  3360 | D:4      | Reached skill level 1 in Stealth
  3369 | D:4      | Slain by a kobold

Illustrated notes

Levels and vault maps discovered:
D:1:      lightli_arrival_windingriver, layout_basic,
          shapermc_ecumenical_altar_starsandcircs, nrook_uturn
D:2:      layout_basic, st_stairs_3
D:3:      layout_loops_cross, grunt_temple_overflow_order_and_chaos_2,
          trog_three_pillars_becter
D:4:      layout_basic, nicolae_qazlal_scattered_showers, gammafunk_ghost_icy,
          minmay_misc_feat_four_crosses, kennysheep_windowed_goal

Skill      XL: |  1  2  3  4  5 |
---------------+----------------+-----
Fighting       | 4 |  4.7
Evocations     | 1 2 |  2.1
Axes           | 4 5 |  5.3
Armour         | 3 |  3.2
Stealth        | 1 |  1.0
Dodging        | |  1.8

Action                   |  1- 3 |  4- 6 || total
-------------------------+-------+-------++-------
Melee: Hand axe          |    94 |    53 ||   147
       Headbutt          |     9 |     5 ||    14
       War axe           |       |    14 ||    14
  Use: Scroll            |       |     5 ||     5
 Stab: Sleeping          |     2 |     2 ||     4
Armor: Leather armour    |    32 |    16 ||    48
Dodge: Dodged            |    55 |    44 ||    99
